 Dungeon Crawl Stone Soup version 0.28-a0-1518-gbe868bca14 (webtiles) character file.

Game seed: 5808602903485153567

4346 hashsling the Fighter (level 10, -11/86 HPs)
             Began as a Human Wanderer on Jan 16, 2022.
             Was a Believer of Elyvilon.
             Mangled by a two-headed ogre (20 damage)
             ... on level 8 of the Dungeon.
             The game lasted 00:35:06 (10818 turns).

hashsling the Fighter (Human Wanderer)             Turns: 10818, Time: 00:35:07

Health: -11/86     AC: 12    Str: 17    XL:     10   Next: 59%
Magic:  10/10      EV:  8    Int: 11    God:    Elyvilon [**....]
Gold:   537        SH:  9    Dex: 20    Spells: 9/9 levels left

rFire   . . .      SeeInvis .   q - +2 spear (venom)
rCold   . . .      Faith    .   d - +2 buckler
rNeg    + . .      Spirit   .   g - +1 chain mail {rN+}
rPois   +          Reflect  .   (no helmet)
rElec   .          Harm     .   (no cloak)
rCorr   .          Rampage  .   (no gloves)
Will    .....                   (no boots)
Stlth   ..........              (no amulet)
HPRegen 0.24/turn               t - ring of poison resistance
MPRegen 0.12/turn               F - +6 ring of strength

@: no status effects
A: no striking features
a: Renounce Religion, Purification, Heal Other


You were on level 8 of the Dungeon.
You worshipped Elyvilon.
Elyvilon was pleased with you.
You visited 2 branches of the dungeon, and saw 9 of its levels.
You also visited: Sewer.

You collected 537 gold pieces.

Inventory:

Hand Weapons
 q - a +2 spear of venom (weapon)
Missiles
 a - 3 boomerangs
 u - 31 poisoned darts (quivered)
 y - 2 curare-tipped darts
 E - 5 javelins
Armour
 d - a +2 buckler (worn)
 g - a +1 chain mail of positive energy (worn)
Jewellery
 o - an amulet of magic regeneration
 t - a ring of poison resistance (left hand)
 F - a +6 ring of strength (right hand)
Wands
 i - a wand of acid (7)
Scrolls
 e - 3 scrolls of noise
 f - a scroll of immolation {unknown}
 h - a scroll of enchant weapon {unknown}
 k - 2 scrolls of fog
 m - a scroll of brand weapon {unknown}
 r - 3 scrolls of teleportation
 D - a scroll of fear {unknown}
 G - a scroll of vulnerability {unknown}
 J - a scroll of torment {unknown}
 K - a scroll of amnesia {unknown}
 L - 2 scrolls of magic mapping
Potions
 b - 7 potions of curing
 c - 3 potions of resistance
 j - a potion of berserk rage {unknown}
 l - a potion of cancellation {unknown}
 p - a potion of ambrosia {unknown}
 s - 2 potions of flight
 v - 3 potions of brilliance
 w - a potion of invisibility {unknown}
 x - 2 potions of haste
 z - a potion of might
 A - 2 potions of magic
 B - 2 potions of heal wounds
 C - a potion of lignification {unknown}


   Skills:
 * Level 10.7 Fighting
 - Level 9.0 Armour
 - Level 2.0 Dodging
 + Level 7.3 Shields
 - Level 1.0 Evocations


You had 9 spell levels left.
You didn't know any spells.
Your spell library contained the following spells:

 Spells                   Type           Power      Damage    Failure   Level
 Animate Skeleton         Necr           0%         N/A       99%         1
 Apportation              Tloc           0%         N/A       99%         1
 Freeze                   Ice            0%         1d3       99%         1
 Summon Small Mammal      Summ           0%         N/A       99%         1
 Ensorcelled Hibernation  Hex/Ice        0%         N/A       100%        2
 Passwall                 Tmut/Erth      0%         N/A       100%        2
 Static Discharge         Conj/Air       0%         N/A       100%        2
 Frozen Ramparts          Ice            0%         1d2       100%        3
 Swiftness                Air            0%         N/A       100%        3
 Dispel Undead            Necr           0%         3d6       100%        4
 Hailstorm                Conj/Ice       0%         3d3       100%        4
 Sticky Flame             Conj/Fire      0%         2d3       100%        4
 Summon Ice Beast         Ice/Summ       0%         N/A       100%        4
 Alistair's Intoxication  Tmut/Pois      0%         N/A       100%        5
 Summon Mana Viper        Hex/Summ       0%         N/A       100%        5
 Monstrous Menagerie      Summ           0%         N/A       100%        7


Dungeon Overview and Level Annotations

Branches:
Dungeon (8/15)             Temple (1/1) D:4           Sewer (visited)
   Lair: D:8-11

Altars:
Ashenzari
Elyvilon
Hepliaklqana
Kikubaaqudgha
Okawaru
Qazlal
Trog
Wu Jian
Zin

Shops:
D:4 (


Message History

You reach to attack!
You hit the two-headed ogre.
The two-headed ogre looks as sick as possible!
The two-headed ogre is moderately wounded.
The two-headed ogre hits you with a +0 giant spiked club!!
The two-headed ogre hits you with a +0 giant club!
Reach: q) +2 spear (venom)
Press: ? - help, Dir - move target, f/p - two-headed ogre
Aim: a two-headed ogre, wielding a +0 giant spiked club and a +0 giant club (heavily wounded, very poisoned, about 19% to evade your +2 spear of venom)
You reach to attack!
You completely miss the two-headed ogre.
The two-headed ogre is heavily wounded.
Reach: q) +2 spear (venom)
Press: ? - help, Dir - move target, f - two-headed ogre, p - two-headed ogre
Aim: a two-headed ogre, wielding two +0 giant spiked clubs (about 19% to evade your +2 spear of venom)
The two-headed ogre is in the way.
You puncture the two-headed ogre!
The two-headed ogre looks even sicker.
The two-headed ogre is severely wounded.
You block the two-headed ogre's attack.
The two-headed ogre hits you with a +0 giant club!!
Aiming: Corrosive Bolt
Press: ? - help, Shift-Dir - straight line, f/p - two-headed ogre
Aim: a two-headed ogre, wielding two +0 giant spiked clubs (86% to hit)
The bolt of acid hits the two-headed ogre!
You kill the two-headed ogre!
The bolt of acid hits the two-headed ogre!
The two-headed ogre is moderately wounded.
Your Shields skill increases to level 7!
Reach: q) +2 spear (venom)
Press: ? - help, Dir - move target, f/p - two-headed ogre
Aim: a two-headed ogre, wielding two +0 giant spiked clubs (moderately wounded, about 19% to evade your +2 spear of venom)
Okay, then.
Reach: q) +2 spear (venom)
Press: ? - help, Dir - move target, f/p - two-headed ogre
Aim: a two-headed ogre, wielding two +0 giant spiked clubs (moderately wounded, about 19% to evade your +2 spear of venom)
You hit the two-headed ogre.
The two-headed ogre is poisoned.
The two-headed ogre is moderately wounded.
The two-headed ogre hits you with a +0 giant spiked club!!
* * * LOW HITPOINT WARNING * * *
The two-headed ogre hits you with a +0 giant spiked club!!
You die...

#.......# #.#####.#
########.#####.#
.......)....##.#
###...##.##.##.######
###...##.##)........#
#.....##.†.)...####.####
#.#..###[#######.......#
#.#..###.# #@##.##.#
.........# ##O##.##.#
....######### #.....##.#
....# #.....# #..#####.#
....# #.....# #..#####.#
....# #.....# #........#
....# #.....# #.......##
#.#####.....# #.#####.#
#.#.......### #.#####†#


You could see a two-headed ogre (very poisoned).

Vanquished Creatures
  A two-headed ogre (D:8)
  A human (D:7)
  A vampire mosquito (D:6)
  4 hogs (D:6)
  Eustachio (D:6)
  2 water moccasins
  An orc warrior (D:8)
  2 black bears
  An ice beast (D:8)
  A sky beast (D:6)
  2 necrophages (D:7)
  An ogre (D:5)
  A centaur (D:7)
  A phantom (D:6)
  4 kobold brigands
  5 bullfrogs
  3 scorpions
  2 bullfrog zombies (D:5)
  A jelly (D:6)
  A gnoll shaman (D:6)
  4 hounds
  An orc priest (D:7)
  Jessica (D:3)
  Ijyb (D:4)
  Terence (D:2)
  An iguana (D:4)
  2 orc wizards (D:6)
  2 killer bee zombies (D:6)
  2 hound skeletons
  12 gnolls
  12 adders
  5 river rats (Sewer)
  3 white imps
  2 adder skeletons (D:4)
  A dart slug (D:5)
  24 orcs
  7 bats
  13 endoplasms
  4 giant cockroaches
  10 goblins
  10 hobgoblins
  7 quokkas
  14 ball pythons
  9 frilled lizards
  24 kobolds
  19 rats
227 creatures vanquished.

Notes
Turn   | Place    | Note
-------+----------+-------------------------------------------
     0 | D:1      | hashsling the Human Wanderer began the quest for the Orb.
     0 | D:1      | hashsling set off with the following items: a +0 dagger, 2
                  | potions of curing, a +0 robe, a +2 buckler
     0 | D:1      | Reached XP level 1. HP: 21/21 MP: 1/1
    51 | D:1      | Reached skill level 1 in Dodging
   332 | D:1      | Reached XP level 2. HP: 18/27 MP: 2/2
  1029 | D:1      | Reached XP level 3. HP: 26/33 MP: 3/3
  1881 | D:2      | Reached XP level 4. HP: 36/39 MP: 4/4
  1977 | D:2      | Noticed Terence
  2000 | D:2      | Killed Terence
  2103 | D:2      | Reached XP level 5. HP: 42/44 MP: 5/5
  3315 | D:3      | Reached XP level 6. HP: 51/51 MP: 6/6
  3414 | D:3      | Noticed Jessica
  3421 | D:3      | Killed Jessica
  3677 | D:4      | Found a glowing drain.
  3693 | D:4      | Reached skill level 5 in Armour
  3699 | Sewer    | Entered a sewer
  4017 | Sewer    | Reached XP level 7. HP: 56/56 MP: 7/7
  4235 | Sewer    | Reached skill level 6 in Fighting
  4955 | D:4      | Reached XP level 8. HP: 60/65 MP: 8/8
  5038 | D:4      | Found Pethrarap's Weapon Boutique.
  5114 | D:4      | Found a staircase to the Ecumenical Temple.
  5125 | Temple   | Entered the Ecumenical Temple
  5520 | Temple   | Became a worshipper of Elyvilon the Healer
  5725 | D:4      | Noticed Ijyb
  5745 | D:4      | Killed Ijyb
  6031 | D:5      | Entered Level 5 of the Dungeon
  6048 | D:5      | Identified the +0 robe of Golden Satisfaction {rC+ SInv}
  6448 | D:5      | Reached skill level 7 in Fighting
  7862 | D:6      | Reached XP level 9. HP: 62/72 MP: 9/9
  7938 | D:6      | Reached * piety under Elyvilon
  7944 | D:6      | Reached skill level 5 in Shields
  8127 | D:6      | Reached skill level 8 in Fighting
  8304 | D:6      | Noticed Eustachio
  8341 | D:6      | Killed Eustachio
  9288 | D:6      | Reached skill level 9 in Fighting
  9315 | D:7      | Reached XP level 10. HP: 37/83 MP: 10/10
  9733 | D:7      | Reached ** piety under Elyvilon
 10347 | D:8      | Reached skill level 10 in Fighting
 10772 | D:8      | Noticed a two-headed ogre
 10773 | D:8      | Noticed a two-headed ogre
 10817 | D:8      | Killed a two-headed ogre
 10818 | D:8      | Mangled by a two-headed ogre

Illustrated notes

Levels and vault maps discovered:
D:1:      minmay_arrival_checkered_box, layout_basic,
          nicolae_concentric_dashed_squares_mild
D:2:      layout_loops_ring, grunt_ministairs_5, minmay_misc_feat_columns,
          uniq_terence
D:3:      kennysheep_six_static_rooms, layout_basic, minmay_splitting_lines,
          uniq_jessica
D:4:      layout_loops_ring, temple_statues, cheibrodos_sewer_entry_drain,
          serial_shops, shop_coins, minmay_vboxes, uniq_ijyb
D:5:      layout_basic
D:6:      kb_forest_paths, layout_rooms, uniq_eustachio
D:7:      layout_cave_pools, grunt_livestock
D:8:      layout_loops_cross, dpeg_lair_monsters
Temple:   compressed_dpeg_triangle_lava_temple

Skill      XL: |  1  2  3  4  5  6  7  8  9 10 |
---------------+-------------------------------+-----
Dodging        | 1 2 |  2.0
Armour         | 2 3 4 5 6 7 8 9 |  9.0
Fighting       | 6 7 9 10 | 10.7
Shields        | 4 6 7 |  7.3
Evocations     | |  1.0

Action                   |  1- 3 |  4- 6 |  7- 9 | 10-12 || total
-------------------------+-------+-------+-------+-------++-------
Melee: Dagger            |   103 |       |       |       ||   103
       Mace              |    40 |       |       |       ||    40
       Spear             |     8 |   149 |   362 |   110 ||   629
Throw: Dart              |       |     1 |    11 |     2 ||    14
Evoke: Wand              |       |       |       |     2 ||     2
  Use: Scroll            |       |       |     7 |     4 ||    11
       Potion            |       |       |       |     1 ||     1
 Stab: Sleeping          |     1 |       |       |       ||     1
       Distracted        |       |       |       |     1 ||     1
Armor: Chain mail        |    75 |    63 |   177 |    35 ||   350
       Robe              |     3 |       |       |       ||     3
Dodge: Dodged            |    25 |    39 |   102 |    18 ||   184
Block: Buckler           |    59 |    37 |   139 |    33 ||   268

Table legend: (Time is in decaauts)
 A = Elapsed time spent in this place.
 B = Non-inter-level travel time spent in this place.
 C = Inter-level travel time spent in this place.
 D = Time resting spent in this place.
 E = Time spent auto-exploring this place.
 F = Levels seen in this place.
 G = Mean time per level.
                   A        B        C        D        E       F      G
               +--------+--------+--------+--------+--------+-----+--------+
         Total |  10947 |  10680 |    267 |    633 |   7707 |  10 | 1094.7 |
       Dungeon |   9403 |   9136 |    267 |    633 |   6596 |   8 | 1175.4 |
        Temple |    408 |    408 |      0 |      0 |    294 |   1 |  408.0 |
         Sewer |   1135 |   1135 |      0 |      0 |    816 |   1 | 1135.0 |
               +--------+--------+--------+--------+--------+-----+--------+

Top non-repeatable levels by time:
     D:6: 1856 daAuts
     D:1: 1634 daAuts
     D:5: 1336 daAuts
   Sewer: 1135 daAuts
     D:3: 1084 daAuts
     D:2: 960 daAuts
     D:7: 956 daAuts
     D:4: 885 daAuts
     D:8: 689 daAuts
  Temple: 408 daAuts
